 Dungeon Sprint DCSS version 0.19-a0-1626-g5215c36 (webtiles) character file.

1794 Firejus the Sharpshooter (level 9, -1/68 HPs)
             Began as a Formicid Hunter on Sept 18, 2016.
             Was an Elder of Makhleb.
             Slain by a vault warden
             ... wielding a +0 battleaxe
              (18 damage)
             ... in the Dungeon (Sprint V: "Ziggurat Sprint").
             The game lasted 00:02:10 (155 turns).

Firejus the Sharpshooter (Formicid Hunter)           Turns: 155, Time: 00:02:11

Health: -1/68      AC: 26    Str: 24    XL:     9   Next: 30%
Magic:  9/9        EV:  4    Int: 10    God:    Makhleb [****..]
Gold:   0          SH: 30    Dex: 20    Spells: 0 memorised, 8 levels left

rFire  . . .     SeeInvis +     K - +9 heavy crossbow "Sniper" {velocity, nevermiss, SInv}
rCold  . . .     Gourm    .     L - +15 Maxwell's patent armour {-Cast -Tele rElec MR+ rCorr}
rNeg   + . .     Faith    .     M - +18 shield of the Gong {rElec rN+ MR+ EV-5}
rPois  .         Spirit   .     (helmet unavailable)
rElec  +         Dismiss  .     (no cloak)
rCorr  +         Reflect  .     (no gloves)
MR     ++...     Harm     .     (no boots)
Stlth  .......... NoCast   +    (no amulet)
                                F - +6 ring of strength
                                B - +6 ring of dexterity

@: studying 2 skills
A: permanent stasis, dig shafts and tunnels, four strong arms, antennae 3
a: Dig, Minor Destruction, Lesser Servant of Makhleb, Major Destruction,
Renounce Religion


You were in the Dungeon.
You worshipped Makhleb.
Makhleb was greatly pleased with you.
You were not hungry.

You visited 1 branch

Inventory:

Hand Weapons
 a - a +1 hand crossbow
 b - a +0 short sword
 K - the +9 heavy crossbow "Sniper" (weapon) {velocity, nevermiss, SInv}
   (You found it in the Dungeon)

   Any bolt fired from it inflicts extra damage.
   It lets you see invisible.
 P - the +6 arbalest "Damnation" {damnation}
   (You found it in the Dungeon)
Missiles
 d - 998 bolts (quivered)
Armour
 c - a +0 leather armour
 L - the +15 Maxwell's patent armour (worn) {-Cast -Tele rElec MR+ rCorr}
   (You found it in the Dungeon)

   It insulates you from electricity.
   It affects your resistance to hostile enchantments.
   It prevents spellcasting.
   It prevents most forms of teleportation.
   It protects you from acid and corrosion.
 M - the +18 shield of the Gong (worn) {rElec rN+ MR+ EV-5}
   (You found it in the Dungeon)

   It affects your evasion (-5).
   It insulates you from electricity.
   It protects you from negative energy.
   It affects your resistance to hostile enchantments.
Jewellery
 y - a +6 ring of dexterity
 B - a +6 ring of dexterity (left hand)
 C - a +6 ring of intelligence
 D - a +6 ring of intelligence
 E - a +6 ring of strength
 F - a +6 ring of strength (right hand)
Wands
 G - a wand of disintegration (7/24)
 H - a wand of iceblast (5/15)
 I - a wand of lightning (5/15)
 J - a wand of acid (5/15)
Scrolls
 k - 4 scrolls of blinking
 r - 4 scrolls of amnesia
 s - 3 scrolls of recharging
 t - 7 scrolls of fog
 u - a scroll of holy word
 v - 5 scrolls of identify
 w - 5 scrolls of remove curse
 x - 2 scrolls of fear
Potions
 e - 10 potions of curing
 g - 7 potions of heal wounds
 h - 6 potions of haste
 i - 7 potions of magic
 j - 3 potions of berserk rage
 l - 2 potions of brilliance
 m - 2 potions of invisibility
 n - 4 potions of resistance
 p - 5 potions of agility
 q - 5 potions of might
Books
 o - a manual of Stealth
 N - a manual of Dodging
Miscellaneous
 O - a phial of floods
Comestibles
 f - 5 bread rations
 z - 42 fruits
 A - 4 meat rations


   Skills:
 + Level 5.2 Fighting
 * Level 16.8 Crossbows
 + Level 4.3 Armour
 + Level 4.5 Dodging
 - Level 1.2 Stealth
 + Level 6.9 Shields


You had 8 spell levels left.
You didn't know any spells.

Dungeon Overview and Level Annotations

Branches:
Dungeon (1/1)

Altars:
Ashenzari
Cheibriados
Dithmenos
Elyvilon
Fedhas
Gozag
Hepliaklqana
Kikubaaqudgha
Makhleb
Nemelex Xobeh
Okawaru
Qazlal
Ru
Sif Muna
Trog
Uskayaw
Vehumet
Xom
Yredelemnul
Zin
The Shining One
Beogh
Jiyva
Lugonu


Innate Abilities, Weirdness & Mutations

You are under a permanent stasis effect.
You can dig through walls and to a lower floor.
Your four strong arms can wield two-handed weapons with a shield.
You have a pair of large antennae on your head. (SInv)


Message History

BONNNG!
You block the deep elf knight's attack.
PTOANNNG!
Firing (i - inventory):
d - 999 bolts (quivered)
Press: ? - help, Shift-Dir - straight line, f - yaktaur captain
Aim: a yaktaur captain, wielding an arbalest of velocity You shoot a bolt.
The bolt hits the yaktaur captain!!!
The yaktaur captain is almost dead.
You block the deep elf knight's attack.
PTOANNNG!
The vault warden hits you with a battleaxe!
You block the deep elf knight's attack.
GONNNNG!
The yaktaur captain unwields an uncursed arbalest of velocity.
You block the yaktaur captain's attack.
SHROANNG!
The deep elf knight hits you with a short sword!
* * * LOW HITPOINT WARNING * * *
The vault warden hits you with a battleaxe!!
You die...

▓.....▓..(..▓▓▓▓▓▓▓
▓▓▓▓▓▓▓▓▓▓▓▓▓▓▓▓▓▓▓
▓..8©8...▓..8©8...▓
▓..).)...▓...[[...▓
▓...=....▓..).[...▓
▓..(.....▓........▓
▓........▓...p....▓
▓.▓(†..▓.▓..cep...▓
▓....(...▓...@....▓
▓▓▓▓▓▓▓▓▓▓▓▓▓▓▓▓▓▓▓


{{{{ {{{ {{{ {{{ You could see a vault warden, a yaktaur captain, a vault
sentinel and a deep elf knight.

Vanquished Creatures
  A fire dragon (D)
  2 yaktaurs (D)
  A golden eye (D)
  2 water moccasins (D)
  A centaur (D)
  A jelly (D)
  2 orc priests (D)
  An adder (D)
  2 oozes (D)
  A ball python (D)
14 creatures vanquished.

Vanquished Creatures (others)
  An azure jelly (D)
  A spatial maelstrom (D)
2 creatures vanquished.

Grand Total: 16 creatures vanquished

Notes
Turn   | Place    | Note
-------+----------+-------------------------------------------
     0 | D        | Firejus the Formicid Hunter began the quest for the Orb.
     0 | D        | Reached XP level 1. HP: 16/16 MP: 1/1
     2 | D        | Found a blossoming altar of Fedhas.
     2 | D        | Banished a spatial maelstrom
     3 | D        | Found a viscous altar of Jiyva.
     3 | D        | Found a hazy altar of Hepliaklqana.
     3 | D        | Found an opulent altar of Gozag.
     3 | D        | Found an ancient bone altar of Kikubaaqudgha.
     3 | D        | Found a corrupted altar of Lugonu.
     3 | D        | Banished a spatial maelstrom
    14 | D        | Found a burning altar of Makhleb.
    18 | D        | Found a deep blue altar of Sif Muna.
    18 | D        | Found a sacrificial altar of Ru.
    18 | D        | Found a bloodstained altar of Trog.
    18 | D        | Found a stormy altar of Qazlal.
    18 | D        | Found an iron altar of Okawaru.
    18 | D        | Found a sparkling altar of Nemelex Xobeh.
    64 | D        | Became a worshipper of Makhleb the Destroyer
    72 | D        | Reached skill level 5 in Crossbows
    72 | D        | Reached XP level 2. HP: 25/25 MP: 2/2
    73 | D        | Entered arena 1.
    75 | D        | HP: 1/25 [orc priest/divine providence (11)]
    78 | D        | Reached skill level 7 in Crossbows
    78 | D        | Reached XP level 3. HP: 30/30 MP: 3/3
    79 | D        | Reached skill level 8 in Crossbows
    79 | D        | Reached XP level 4. HP: 37/37 MP: 4/4
    91 | D        | Entered arena 2.
    91 | D        | Noticed a yaktaur
    91 | D        | Noticed a yaktaur
    91 | D        | Noticed a centaur
    93 | D        | Killed a yaktaur
    93 | D        | Reached * piety under Makhleb
    93 | D        | Reached skill level 12 in Crossbows
    93 | D        | Reached XP level 5. HP: 42/42 MP: 5/5
    93 | D        | Reached XP level 6. HP: 48/48 MP: 6/6
    96 | D        | Reached XP level 7. HP: 50/54 MP: 7/7
    97 | D        | Killed a yaktaur
    97 | D        | Reached skill level 14 in Crossbows
   105 | D        | Entered arena 3.
   105 | D        | Noticed a golden eye
   114 | D        | Reached ** piety under Makhleb
   114 | D        | Reached skill level 5 in Shields
   118 | D        | Killed an azure jelly
   120 | D        | Killed a golden eye
   120 | D        | Reached XP level 8. HP: 61/61 MP: 8/8
   133 | D        | Entered arena 4.
   134 | D        | Reached *** piety under Makhleb
   134 | D        | Reached skill level 15 in Crossbows
   149 | D        | Entered arena 5.
   149 | D        | Noticed a vault warden
   149 | D        | Noticed a yaktaur captain
   149 | D        | Noticed a deep elf knight
   149 | D        | Noticed a vault sentinel
   149 | D        | Noticed a fire dragon
   154 | D        | Killed a fire dragon
   154 | D        | Reached **** piety under Makhleb
   154 | D        | Reached skill level 5 in Fighting
   154 | D        | Reached skill level 16 in Crossbows
   154 | D        | Reached XP level 9. HP: 42/68 MP: 9/9
   155 | D        | Slain by a vault warden

Vault maps used:
D:        sprint_v

Skill      XL: |  1  2  3  4  5  6  7  8 |
---------------+-------------------------+-----
Fighting       | 3 4 5 |  5.2
Crossbows      | 5 7 8 12 14 16 | 16.8
Armour         | 2 3 4 |  4.3
Dodging        | 3 4 |  4.5
Shields        | 3 4 5 6 |  6.9
Stealth        | |  1.2

Action                   |  1- 3 |  4- 6 |  7- 9 || total
-------------------------+-------+-------+-------++-------
Melee: Heavy crossbow    |       |       |     1 ||     1
 Fire: Heavy crossbow    |     4 |     5 |    21 ||    30
       Arbalest          |       |       |     2 ||     2
  Use: Potion            |     3 |       |     1 ||     4
Armor: Plate armour      |     3 |     3 |    35 ||    41
Dodge: Dodged            |       |     1 |     4 ||     5
Block: Shield            |     5 |     9 |    33 ||    47
